 Dungeon Crawl Stone Soup version 0.23.0-3-gf3c87f2 (webtiles) character file.

Game seed: 12280054951647682003

129442 Lavandula the Grappler (level 16, -1/163 HPs)
             Began as a Troll Wanderer on Feb 24, 2019.
             Was a High Priest of Cheibriados.
             Engulfed by a merfolk aquamancer's steam (10 damage)
             ... on level 4 of the Shoals.
             The game lasted 01:13:53 (22078 turns).

Lavandula the Grappler (Troll Wanderer)            Turns: 22078, Time: 01:13:53

Health: -1/163     AC: 29    Str: 41    XL:     16   Next: 50%
Magic:  2/23       EV: 15    Int: 24    God:    Cheibriados [*****.]
Gold:   1347       SH:  0    Dex: 16    Spells: 2/23 levels left

rFire    . . .     SeeInvis .     - Unarmed
rCold    . . .     Gourm    +   (no shield)
rNeg     + . .     Faith    .   (armour currently unavailable)
rPois    ∞         Spirit   .   (helmet restricted)
rElec    +         Reflect  .   b - +2 cloak {rPois}
rCorr    .         Harm     .   (gloves unavailable)
MR       +....                  (boots unavailable)
Stlth    +.........             (no amulet)
HPRegen  0.77/turn              c - ring of wizardry
MPRegen  0.18/turn              E - +3 ring of slaying

@: statue-form (expiring), singing, very slightly contaminated, very slow
A: large, unfitting armour, claws 3, clumsy 2, deformed body, deterioration 1,
fast metabolism 3, frail 1, gourmand, regeneration 1, no potion heal 1
a: End Transformation, Bend Time, Temporal Distortion, Slouch, Step From Time,
Renounce Religion


You were on level 4 of the Shoals.
You worshipped Cheibriados.
Cheibriados was extremely pleased with you.
You were very full.
You were a stone statue.
You visited 6 branches of the dungeon, and saw 29 of its levels.
You also visited: Ossuary.

You collected 3062 gold pieces.
You spent 1715 gold pieces at shops.

Inventory:

Hand Weapons
 x - a +2 spear of venom
Missiles
 s - 4 javelins (quivered)
 u - 16 large rocks
 y - 16 steel javelins
 O - 9 throwing nets
Armour
 b - a +2 cloak of poison resistance (worn)
 l - a +0 cloak of magic resistance
 L - a +2 robe of positive energy
 W - a +3 troll leather armour (melded) {Snorg}
Jewellery
 c - a ring of wizardry (left claw)
 n - an uncursed ring of resist corrosion {unknown}
 t - a +2 ring of protection
 v - an uncursed ring of magical power {unknown}
 E - a +3 ring of slaying (right claw)
 G - a +4 amulet of reflection {unknown}
 P - a +5 ring of intelligence {unknown}
Wands
 r - a wand of digging (19)
 I - a wand of flame (26)
 N - a wand of disintegration (18)
 R - a wand of iceblast (10)
 T - a wand of paralysis (8)
Scrolls
 d - a scroll of noise {unknown}
 g - a scroll of brand weapon {unknown}
 h - 2 scrolls of enchant weapon {unknown}
 i - 5 scrolls of identify {unknown}
 j - a scroll of blinking {unknown}
 m - 2 scrolls of teleportation
 p - a scroll of remove curse {unknown}
Potions
 k - a potion of degeneration {unknown}
 o - 6 potions of brilliance {unknown}
 q - a potion of agility {unknown}
 w - a potion of curing {unknown}
Miscellaneous
 a - a phial of floods (inert)
 e - a sack of spiders
 X - a box of beasts
Comestibles
 f - 53 rations


   Skills:
 - Level 5.0 Fighting
   Level 3.2 Axes
 - Level 7.0 Throwing
 + Level 7.8 Dodging
 - Level 14.9 Unarmed Combat
 - Level 4.2 Spellcasting
 - Level 2.6 Charms
 - Level 10.2 Transmutations
 - Level 10.0 Earth Magic
 - Level 11.3 Invocations
 - Level 4.1 Evocations


You had 2 spell levels left.
You knew the following spells:

 Your Spells              Type           Power        Failure   Level  Hunger
a - Shroud of Golubria    Chrm/Tloc      ##........   3%          2    None
b - Regeneration          Chrm/Necr      ##........   7%          3    ##.....
c - Song of Slaying       Chrm           ###.....     1%          2    None
d - Statue Form           Tmut/Erth      ######...    9%          6    #######
e - Blink                 Tloc           N/A          6%          2    None
f - Blade Hands           Tmut           ######....   1%          5    #####..
g - Apportation           Tloc           #.....       4%          1    None

Your spell library contained the following spells:

 Spells                   Type           Power        Failure   Level  Hunger
 Beastly Appendage        Tmut           ######       1%          1    None
 Infusion                 Chrm           ###.         1%          1    None
 Sticks to Snakes         Tmut           ######..     1%          2    None
 Animate Skeleton         Necr           N/A          4%          1    None
 Confusing Touch          Hex            #.....       4%          1    None
 Corona                   Hex            #......      4%          1    None
 Freeze                   Ice            #...         4%          1    None
 Magic Dart               Conj           #...         4%          1    None
 Summon Small Mammal      Summ           #...         4%          1    None
 Call Imp                 Summ           #.......     6%          2    None
 Ensorcelled Hibernation  Hex/Ice        #.....       6%          2    None
 Poisonous Vapours        Pois/Air       #.....       6%          2    None
 Searing Ray              Conj           #.....       6%          2    None
 Slow                     Hex            #.......     6%          2    None
 Throw Frost              Conj/Ice       #.....       6%          2    None
 Spider Form              Tmut/Pois      ####......   1%          3    ##.....
 Petrify                  Tmut/Erth      ######..     1%          4    ####...
 Ice Form                 Ice/Tmut       ####....     4%          4    ####...
 Leda's Liquefaction      Hex/Erth       ####......   4%          4    ####...
 Ozocubu's Armour         Chrm/Ice       ##......     7%          3    ##.....
 Spectral Weapon          Hex/Chrm       ##......     7%          3    ##.....
 Hydra Form               Tmut           ######....   9%          6    #######
 Call Canine Familiar     Summ           #.......     12%         3    ##.....
 Confuse                  Hex            #.......     12%         3    ##.....
 Conjure Flame            Conj/Fire      #.......     12%         3    ##.....
 Dazzling Spray           Conj/Hex       #.....       12%         3    ##.....
 Gell's Gravitas          Tloc           #.........   12%         3    ##.....
 Inner Flame              Hex/Fire       #.......     12%         3    ##.....
 Mephitic Cloud           Conj/Pois/Air  #.......     12%         3    ##.....
 Portal Projectile        Hex/Tloc       #.....       12%         3    ##.....
 Static Discharge         Conj/Air       #.......     12%         3    ##.....
 Summon Guardian Golem    Hex/Summ       #.......     12%         3    ##.....
 Tukima's Dance           Hex            #.......     12%         3    ##.....
 Irradiate                Conj/Tmut      ####......   13%         5    #####..
 Yara's Violent Unravell  Hex/Tmut       ####......   13%         5    #####..
 Cause Fear               Hex            #.........   34%         4    ####...
 Force Lance              Conj/Tloc      #.......     34%         4    ####...
 Fulminant Prism          Conj/Hex       #.........   34%         4    ####...
 Iskenderun's Mystic Bla  Conj           #.......     34%         4    ####...
 Summon Ice Beast         Ice/Summ       #.......     34%         4    ####...
 Summon Lightning Spire   Summ/Air       #.......     34%         4    ####...
 Throw Icicle             Conj/Ice       #.......     34%         4    ####...
 Dragon Form              Tmut           ######....   43%         7    #######
 Lightning Bolt           Conj/Air       #.........   69%         5    #####..
 Metabolic Englaciation   Hex/Ice        #.........   69%         5    #####..
 Freezing Cloud           Conj/Ice/Air   #.........   99%         6    #######
 Ring of Flames           Chrm/Fire      ##........   100%        7    #######
 Ignition                 Fire           #.........   100%        8    #######
 Shatter                  Erth           ######....   100%        9    #######
 Tornado                  Air            #.........   100%        9    #######


Dungeon Overview and Level Annotations

Branches:
Dungeon (15/15)            Temple (1/1) D:5            Lair (6/6) D:8
 Shoals (4/4) Lair:4       Spider (0/4) Lair:3        Slime (0/5) Lair:6
    Orc (2/2) D:10            Elf (0/3) Orc:2        Depths (1/5) D:15
 Vaults: D:13-14

Altars:
Cheibriados
Elyvilon
Gozag
Nemelex Xobeh
Ru
Trog
Vehumet
Xom
Beogh
Lugonu

Shops:
D:4 %:   D:8 =   D:10 [   D:12 !   Orc:2 [![%

Annotations:
D:6 2 transporters, Catiua's ghost, novice NaWr
D:11 exclusion: orange crystal statue
Lair:1 exclusion: oklob plant
Depths:1 Sojobo


Innate Abilities, Weirdness & Mutations

You are too large for most types of armour.
You have claws for hands.
Your metabolism is lightning-fast.
You like to eat raw meat.
Your natural rate of healing is unusually fast.
((You are covered in fur. (AC +1)))
((You have extremely tough skin. (AC +3)))
You are very clumsy. (Dex -4)
Armour fits poorly on your strangely shaped body.
Your body sometimes deteriorates upon taking damage.
You are frail. (-10% HP)
Potions are less effective at restoring your health.


Message History

Casting: Blink (safe; 6% risk of failure)
Confirm with . or Enter, or press ? or * to list all spells.
You miscast Blink.
You are very lightly contaminated with residual magic.
Nothing appears to happen.
You are engulfed in a cloud of scalding steam.
Your transformation is almost over.
You are no longer entranced.
Your water elemental is engulfed in a cloud of scalding steam.
The satyr is engulfed in a cloud of scalding steam.
The satyr shoots an arrow.
The arrow barely misses you.
The merfolk javelineer throws a poisoned javelin.
The poisoned javelin hits you!
* * * LOW HITPOINT WARNING * * *
The merfolk aquamancer is engulfed in a cloud of scalding steam.
Unknown command.
Casting: Blink (safe; 6% risk of failure)
Confirm with . or Enter, or press ? or * to list all spells.
You miscast Blink.
Nothing appears to happen.
You are engulfed in a cloud of scalding steam.
You die...

P..P≈≈P ....≈≈≈..
P.PPP.P...c≈≈≈≈≈..
P..PPP..##.≈≈EE≈≈≈
.P.≈P.P..m.≈≈≈≈≈≈≈
.P..P...P≈E≈≈≈≈≈..≈≈≈
P.P.PP..≈§mm.≈....≈≈≈≈
..P.(.P.Pm≈§.....≈≈≈≈≈≈≈
P.P.)§§§c≈§§....≈≈≈≈≈≈≈≈
...P§..8§m≈§..≈.≈≈≈≈≈≈≈≈
..P...§§≈≈E......≈≈≈≈≈≈≈
≈....(............≈≈≈≈≈≈
≈≈.##≈.≈≈#mm.(.......≈≈≈
≈. ######m†...<......≈≈
. #m)##............
.≈..m #.........###
#m#.# #.........### ≈.
.Z #≈.......##...


You could see a merfolk avatar, a merfolk impaler, a merfolk javelineer, a
satyr, 2 merfolk aquamancers, 3 merfolk, 3 water elementals, a centaur and a
friendly water elemental.

Vanquished Creatures
  Nikola (Shoals:2)
  Polyphemus (Shoals:3)
  An orc warlord (Orc:1)
  2 dire elephants (Lair:6)
  Snorg (Lair:3)
  6 merfolk impalers
  An ettin (Depths:1)
  A fire dragon (Lair:6)
  2 merfolk javelineers (Shoals:4)
  Harold (Lair:2)
  A great orb of eyes (Depths:1)
  5 merfolk avatars
  2 centaur warriors
  2 catoblepae
  4 hydras
  4 merfolk aquamancers
  7 two-headed ogres
  A tengu warrior (D:14)
  10 death yaks
  Urug (Orc:2)
  5 orc high priests (Orc:2)
  6 sea snakes
  A swamp dragon (Lair:6)
  An unseen horror (D:12)
  10 harpies
  Pikel (D:7)
  A wizard (D:15)
  2 deep elf magi
  A necromancer (D:15)
  An orb spider (Lair:3)
  6 orc knights (Orc:2)
  An orc sorcerer (Orc:2)
  14 manticores
  2 cyclopes
  2 fauns (Shoals:3)
  18 ugly things
  6 water nymphs
  4 black mambas
  5 elephants
  6 merfolk sirens
  Maurice (D:10)
  2 naga magi (D:15)
  3 centaur skeletons (D:15)
  2 torpor snails
  7 komodo dragons
  4 rime drakes (Lair:6)
  12 spiny frogs
  4 kobold demonologists
  A freezing wraith (D:14)
  5 trolls
  A wind drake (Shoals:3)
  A tengu conjurer (D:14)
  19 merfolk
  A hornet (D:14)
  Grinder (D:3)
  7 snapping turtles
  3 blink frogs (Lair:3)
  Prince Ribbit (D:7)
  3 slime creatures (D:12)
  15 dream sheep
  11 hippogriffs
  3 meliai zombies
  10 water elementals
  A shadow (D:13)
  A wraith (D:11)
  5 wyverns
  34 yaks
  2 steam dragons (Lair:6)
  8 basilisks
  2 vampire mosquitoes (D:12)
  A hungry ghost (D:8)
  2 chaos spawn (D:8)
  Menkaure (D:7)
  A harpy simulacrum (D:15)
  4 wargs
  A soldier ant (D:12)
  10 water moccasins
  7 porcupines
  2 swamp drakes (Lair:6)
  2 sky beasts
  48 orc warriors
  2 necrophages
  A slave (D:7)
  4 ogres
  5 phantoms
  14 wolves
  14 centaurs
  13 crocodiles
  3 big kobolds
  A gnoll sergeant (D:6)
  9 bullfrogs
  4 scorpions
  2 wyvern skeletons
  5 electric eels
  11 wights
  10 howler monkeys
  6 crimson imps
  8 centaur zombies
  A quasit (D:13)
  Crazy Yiuf (D:7)
  4 bullfrog zombies (Ossuary)
  2 hounds
  6 jellies
  39 orc priests
  5 bullfrog skeletons
  3 iguanas (Lair:6)
  17 mummies (Ossuary)
  2 hell rats
  25 orc wizards
  13 worker ants
  A killer bee zombie (D:6)
  5 hound zombies
  A hound skeleton (D:11)
  16 gnolls
  3 worker ant zombies
  13 adders
  A river rat (D:8)
  2 shadow imps
  An ooze (D:3)
  An adder zombie (Ossuary)
  3 adder skeletons
  2 worms (D:2)
  2 dart slugs
  6 leopard geckos
  107 orcs
  2 ball pythons
  8 bats
  4 giant cockroaches
  5 goblins
  10 hobgoblins
  25 kobolds
  6 quokkas
  7 frilled lizards
  3 leopard gecko zombies (Ossuary)
  3 quokka zombies
  8 rats
  2 fungi
873 creatures vanquished.

Vanquished Creatures (collateral kills)
  An orc knight (Orc:2)
  Psyche (D:8)
  A wyvern (D:13)
  An orc warrior (Orc:2)
  An orc priest (Orc:2)
5 creatures vanquished.

Vanquished Creatures (others)
  2 fungi
  2 plants (Shoals:4)
  11 tentacles
15 creatures vanquished.

Grand Total: 893 creatures vanquished

Notes
Turn   | Place    | Note
-------+----------+-------------------------------------------
     0 | D:1      | Lavandula the Troll Wanderer began the quest for the Orb.
     0 | D:1      | Lavandula set off with the following items: a phial of
                  | floods, a +0 robe, a scroll of teleportation, a +0 club, 2
                  | rations
     0 | D:1      | Reached XP level 1. HP: 19/19 MP: 0/0
    63 | D:1      | Reached skill level 1 in Unarmed Combat
   114 | D:1      | Reached XP level 2. HP: 27/27 MP: 1/1
   194 | D:1      | Reached skill level 2 in Unarmed Combat
   742 | D:2      | Reached XP level 3. HP: 33/33 MP: 2/2
   763 | D:2      | Reached skill level 3 in Unarmed Combat
   848 | D:2      | Reached XP level 4. HP: 22/41 MP: 3/3
  1253 | D:2      | Reached skill level 4 in Unarmed Combat
  1707 | D:3      | Noticed Grinder
  1733 | D:3      | Paralysed by Grinder for 3 turns
  1736 | D:3      | Killed Grinder
  1736 | D:3      | Reached skill level 6 in Unarmed Combat
  1736 | D:3      | Reached XP level 5. HP: 16/48 MP: 4/4
  1736 | D:3      | Reached XP level 6. HP: 19/55 MP: 5/5
  1768 | D:3      | Found a white marble altar of Elyvilon.
  2239 | D:4      | Reached skill level 7 in Unarmed Combat
  2275 | D:4      | Found Lijif's Food Shoppe.
  2408 | D:4      | Noticed an orc warrior
  2430 | D:4      | Killed an orc warrior
  2430 | D:4      | Reached XP level 7. HP: 54/62 MP: 6/6
  2629 | D:4      | Found Bomn's Book Shoppe.
  2961 | D:5      | Entered Level 5 of the Dungeon
  2988 | D:5      | Found a staircase to the Ecumenical Temple.
  3170 | D:5      | Reached skill level 8 in Unarmed Combat
  3669 | D:6      | Reached skill level 9 in Unarmed Combat
  3697 | D:6      | Found a transporter.
  3798 | D:5      | Reached XP level 8. HP: 31/70 MP: 7/7
  3898 | D:6      | Reached skill level 10 in Unarmed Combat
  4039 | D:6      | Noticed Catiua's ghost (novice NaWr)
  4183 | D:6      | Found a transporter.
  4408 | D:7      | Noticed Menkaure
  4413 | D:7      | Killed Menkaure
  4448 | D:7      | Found a sparkling altar of Nemelex Xobeh.
  4536 | D:7      | Found a sand-covered staircase.
  4553 | D:7      | Noticed a hippogriff
  4561 | D:7      | Killed a hippogriff
  4561 | D:7      | Reached skill level 5 in Dodging
  4561 | D:7      | Reached XP level 9. HP: 39/76 MP: 8/8
  4617 | Ossuary  | Entered an ossuary
  4932 | D:7      | You fall through a shaft for 3 floors!
  4932 | D:10     | Entered Level 10 of the Dungeon
  4932 | D:10     | Found a sacrificial altar of Ru.
  5091 | D:10     | Reached skill level 5 in Fighting
  5119 | D:10     | Found Ijob Nydgh's Armour Boutique.
  5195 | D:10     | Noticed a troll
  5286 | D:10     | Killed a troll
  5333 | D:9      | Reached XP level 10. HP: 89/96 MP: 9/11
  5868 | D:8      | Found the +7 mace of Variability {chain chaos}
  5868 | D:8      | Found a shimmering altar of Xom.
  5976 | D:8      | Noticed Psyche
  5981 | D:8      | Killed Psyche
  6018 | D:8      | Noticed a death yak
  6020 | D:8      | Noticed a death yak
  6020 | D:8      | Noticed a death yak
  6038 | D:8      | Killed a death yak
  6038 | D:8      | Reached skill level 11 in Unarmed Combat
  6089 | D:8      | Killed a death yak
  6268 | D:7      | Noticed Prince Ribbit
  6275 | D:7      | Killed Prince Ribbit
  6492 | D:7      | Noticed Pikel
  6501 | D:7      | Killed Pikel
  6501 | D:7      | Reached skill level 12 in Unarmed Combat
  6708 | D:7      | Found a runed translucent door.
  6709 | D:7      | Noticed Crazy Yiuf
  6715 | D:7      | Killed Crazy Yiuf
  6898 | D:8      | Found a staircase to the Lair.
  7052 | D:8      | Killed a death yak
  7052 | D:8      | Reached XP level 11. HP: 70/102 MP: 13/13
  7072 | D:8      | Found Apous Xutza's Jewellery Shoppe.
  7204 | Temple   | Entered the Ecumenical Temple
  7217 | Temple   | Became a worshipper of Cheibriados the Contemplative
  7336 | D:10     | Noticed Maurice
  7340 | D:10     | Killed Maurice
  7412 | D:10     | Reached skill level 13 in Unarmed Combat
  7617 | D:10     | Noticed a two-headed ogre
  7624 | D:10     | Killed a two-headed ogre
  7752 | D:10     | Found a shimmering altar of Xom.
  7754 | D:10     | Found a shimmering altar of Xom.
  7762 | D:10     | Found a shimmering altar of Xom.
  7762 | D:10     | Found a shimmering altar of Xom.
  7971 | D:10     | Identified the cursed +2 war axe "Arbiter" {drain, +Rage
                  | rC+ rN+ Int+4}
  7998 | D:10     | Reached * piety under Cheibriados
  8057 | D:10     | Found a staircase to the Orcish Mines.
  8456 | D:4      | Bought a book of Battle for 440 gold pieces
  8459 | D:4      | Learned a level 2 spell: Shroud of Golubria
  8463 | D:4      | Learned a level 3 spell: Regeneration
  8466 | D:4      | Learned a level 2 spell: Song of Slaying
  8602 | D:11     | Noticed a centaur warrior
  8606 | D:11     | Killed a centaur warrior
  8632 | D:11     | Noticed an orange crystal statue
  8721 | D:11     | Reached skill level 1 in Charms
  8730 | D:11     | Reached ** piety under Cheibriados
  8985 | D:11     | Noticed a two-headed ogre
  8990 | D:11     | Killed a two-headed ogre
  9044 | D:11     | Reached *** piety under Cheibriados
  9353 | D:12     | Reached skill level 5 in Invocations
  9430 | D:12     | Reached **** piety under Cheibriados
  9445 | D:12     | Reached XP level 12. HP: 101/111 MP: 9/15
  9459 | D:12     | Found a corrupted altar of Lugonu.
  9485 | D:12     | Noticed a two-headed ogre
  9492 | D:12     | Killed a two-headed ogre
  9531 | D:12     | Found Inoicoun's Distillery.
  9795 | D:13     | Noticed a two-headed ogre
  9796 | D:13     | Noticed a two-headed ogre
  9798 | D:13     | Killed a two-headed ogre
  9808 | D:13     | Killed a two-headed ogre
  9912 | D:13     | Reached ***** piety under Cheibriados
 10105 | D:13     | Reached skill level 1 in Spellcasting
 10241 | D:13     | Noticed a seven-headed hydra
 10246 | D:13     | Killed a seven-headed hydra
 10465 | D:14     | Noticed a tengu warrior
 10475 | D:14     | Killed a tengu warrior
 10510 | D:14     | Reached skill level 5 in Throwing
 10544 | D:14     | Paralysed by a hornet for 3 turns
 10710 | D:14     | You fall through a shaft!
 10710 | D:15     | Entered Level 15 of the Dungeon
 10847 | D:15     | Noticed a centaur warrior
 10881 | D:15     | Killed a centaur warrior
 10881 | D:15     | Reached XP level 13. HP: 103/118 MP: 18/18
 11073 | D:14     | Learned a level 6 spell: Statue Form
 11183 | D:14     | Reached skill level 1 in Transmutations
 11288 | D:14     | Learned a level 2 spell: Blink
 11642 | D:14     | Reached skill level 1 in Earth Magic
 11757 | D:15     | Found a staircase to the Depths.
 11842 | Depths:1 | Entered Level 1 of the Depths
 11842 | Depths:1 | Noticed an ettin
 11850 | Depths:1 | Killed an ettin
 11876 | Depths:1 | Noticed a tengu reaver
 11876 | Depths:1 | Noticed a tengu reaver
 11876 | Depths:1 | Noticed Sojobo
 12112 | D:4      | Bought a book of Changes for 275 gold pieces
 12276 | Orc:1    | Entered Level 1 of the Orcish Mines
 12419 | Orc:1    | Noticed an orc warlord
 12436 | Orc:1    | Killed an orc warlord
 12549 | Orc:1    | Learned a level 5 spell: Blade Hands
 12998 | Orc:2    | Entered Level 2 of the Orcish Mines
 13001 | Orc:2    | Noticed Urug
 13006 | Orc:2    | Killed Urug
 13148 | Orc:2    | Reached skill level 5 in Transmutations
 13191 | Orc:2    | Found a roughly hewn altar of Beogh.
 13344 | Orc:2    | Found a bloodstained altar of Trog.
 13554 | Orc:2    | Reached XP level 14. HP: 127/127 MP: 9/19
 13733 | Orc:2    | Found a staircase to the Elven Halls.
 14147 | Orc:2    | Found Sumn's Food Boutique.
 14150 | Orc:2    | Found Ujus's Armour Boutique.
 14151 | Orc:2    | Found Eskyoqai's Antique Armour Boutique.
 14152 | Orc:2    | Found Hygethri's Distillery.
 14542 | D:4      | Bought a book of Cantrips for 220 gold pieces
 14542 | D:4      | Bought a book of Callings for 330 gold pieces
 14544 | D:4      | Learned a level 1 spell: Apportation
 14655 | Lair:1   | Entered Level 1 of the Lair of Beasts
 15549 | Lair:2   | Noticed Harold
 15562 | Lair:2   | Killed Harold
 16351 | Lair:2   | Gained mutation: You are frail. (-10% HP) [mutagenic glow]
 16393 | Lair:2   | Gained mutation: You are clumsy. (Dex -2) [mutagenic glow]
 16438 | Lair:2   | Gained mutation: You are very clumsy. (Dex -4) [mutagenic
                  | glow]
 16474 | Lair:2   | Gained mutation: Armour fits poorly on your strangely
                  | shaped body. [mutagenic glow]
 16502 | Lair:2   | Gained mutation: Your body sometimes deteriorates upon
                  | taking damage. [mutagenic glow]
 16617 | Lair:2   | Gained mutation: Potions are less effective at restoring
                  | your health. [mutagenic glow]
 16642 | Lair:3   | Noticed Snorg
 16646 | Lair:3   | Reached skill level 5 in Earth Magic
 16837 | Lair:3   | Killed Snorg
 17133 | Lair:3   | Found a hole to the Spider Nest.
 17222 | Lair:3   | Reached skill level 10 in Invocations
 17557 | Lair:4   | Found a staircase to the Shoals.
 18474 | Lair:6   | Entered Level 6 of the Lair of Beasts
 18636 | Lair:6   | Reached ****** piety under Cheibriados
 18636 | Lair:6   | Reached XP level 15. HP: 91/119 MP: 21/21
 18966 | Lair:6   | Found a staircase to the Slime Pits.
 19858 | D:8      | Bought an uncursed ring of wizardry for 450 gold pieces
 19978 | Shoals:1 | Entered Level 1 of the Shoals
 20021 | Shoals:1 | Reached skill level 10 in Earth Magic
 20999 | Shoals:2 | Noticed a kraken
 21210 | Shoals:3 | Reached skill level 10 in Transmutations
 21218 | Shoals:3 | Noticed Nikola
 21317 | Shoals:2 | Killed Nikola
 21317 | Shoals:2 | Reached skill level 14 in Unarmed Combat
 21420 | Shoals:3 | Reached XP level 16. HP: 126/126 MP: 15/22
 21453 | Shoals:3 | Found a white marble altar of Elyvilon.
 21469 | Shoals:3 | Noticed Polyphemus
 21477 | Shoals:3 | Killed Polyphemus
 21892 | Shoals:4 | Entered Level 4 of the Shoals
 22078 | Shoals:4 | Engulfed by a merfolk aquamancer's steam

Skill      XL: |  1  2  3  4  5  6  7  8  9 10 11 12 13 14 15 16 |
---------------+-------------------------------------------------+-----
Unarmed Combat | 1 2 3 6 7 9 10 12 13 14 | 14.9
Dodging        | 5 6 7 |  7.8
Fighting       | 5 |  5.0
Evocations     | 2 4 |  4.1
Charms         | 2 |  2.6
Invocations    | 5 8 10 11 | 11.3
Spellcasting   | 1 4 |  4.2
Throwing       | 7 |  7.0
Transmutations | 5 8 10 | 10.2
Earth Magic    | 4 6 10 | 10.0
Axes           | |  3.2

Action                   |  1- 3 |  4- 6 |  7- 9 | 10-12 | 13-15 | 16-18 || total
-------------------------+-------+-------+-------+-------+-------+-------++-------
Melee: Unarmed           |   112 |   144 |   387 |   546 |   863 |    87 ||  2139
       Punch             |       |     3 |     9 |    34 |    89 |     8 ||   143
Throw: Tomahawk          |       |       |     5 |    10 |    22 |       ||    37
       Javelin           |       |       |       |       |    17 |     1 ||    18
       Throwing net      |       |       |       |       |     1 |       ||     1
 Cast: Song of Slaying   |       |       |       |     5 |     2 |     1 ||     8
       Shroud of Golubri |       |       |       |     2 |    16 |       ||    18
       Regeneration      |       |       |       |       |    37 |     4 ||    41
       Blade Hands       |       |       |       |       |    20 |       ||    20
       Blink             |       |       |       |       |     6 |     4 ||    10
       Apportation       |       |       |       |       |     2 |       ||     2
       Statue Form       |       |       |       |       |    15 |     9 ||    24
Invok: Slouch            |       |       |       |       |    13 |     1 ||    14
       Temporal Distorti |       |       |       |       |     8 |       ||     8
       Step From Time    |       |       |       |       |     3 |     2 ||     5
 Abil: End Transformatio |       |       |       |       |       |     1 ||     1
Evoke: Wand              |       |       |       |    20 |    52 |     6 ||    78
       Phial of floods   |       |       |       |     2 |     2 |     2 ||     6
       Box of beasts     |       |       |       |       |     1 |       ||     1
 Stab: Sleeping          |       |       |       |     2 |     3 |       ||     5
       Confused          |       |       |       |       |     3 |       ||     3
  Eat: Chunk             |    12 |    16 |    24 |    43 |    98 |    12 ||   205
       Ration            |       |       |       |     1 |       |       ||     1
Armor: Robe              |    62 |    57 |   102 |   184 |   118 |       ||   523
       Troll leather arm |       |       |       |       |   117 |     4 ||   121
       Skin              |       |       |       |       |   139 |    96 ||   235
Dodge: Dodged            |    70 |    52 |   136 |   290 |   661 |   101 ||  1310
